 Dungeon Crawl Stone Soup version 0.15.2 (webtiles) character file.

72 bwiles81 the Sneak (level 4, 0/21 HPs)
             Began as a Spriggan Enchanter on Dec 10, 2014.
             Slain by an adder (4 damage)
             ... while paralysed by Grinder
             ... on Level 3 of the Dungeon.
             The game lasted 00:05:04 (2766 turns).

bwiles81 the Sneak (Spriggan Enchanter)             Turns: 2766, Time: 00:05:04

HP   0/21        AC  3     Str  4      XL: 4   Next:  6%
MP  12/12        EV  4     Int 17      God:
Gold 77          SH  0     Dex 16      Spells:  3 memorised,  2 levels left

rFire  . . .     SeeInvis +     h - +1 dagger (venom)
rCold  . . .     Clarity  .     b - +1 robe
rNeg   . . .     rCorr    .     r - +0 buckler
rPois  .         rRot     .     (helmet restricted)
rElec  .         Spirit   .     (no cloak)
SustAb .         Warding  .     (gloves unavailable)
rMut   .         Stasis   .     (boots unavailable)
Gourm  .                        (no amulet)
MR     .....                    (no ring)
                                (no ring)

@: paralysed, very quick, not resistant to hostile enchantments, stealthy
A: unfitting armour, see invisible, herbivore 3, speed 3, slow metabolism 2
a: no special abilities


You were on level 3 of the Dungeon.
You were full.

You visited 1 branch of the dungeon, and saw 3 of its levels.

You collected 77 gold pieces.

Inventory:

Hand weapons
 h - a +1 dagger of venom (weapon)
Armour
 b - a +1 robe (worn)
 r - a +0 buckler (worn)
Magical devices
 n - a wand of slowing (7) {unknown}
Comestibles
 g - a slice of pizza
 q - a bread ration
Scrolls
 e - a scroll of fog {unknown}
 f - a scroll of magic mapping {unknown}
 i - 2 scrolls of fear {unknown}
 j - a scroll of enchant weapon {unknown}
 k - 3 scrolls of remove curse {unknown}
 l - 7 scrolls of identify {unknown}
Potions
 a - 2 potions of resistance {unknown}
 m - a potion of cure mutation {unknown}
 o - a potion of heal wounds {unknown}
 p - a potion of restore abilities {unknown}
Books
 c - a book of Maledictions

   Spells                             Type                      Level
   *Corona                            Hexes                        1
   Sure Blade                         Hexes/Charms                 2
   *Ensorcelled Hibernation           Hexes/Ice                    2
   *Confuse                           Hexes                        3
   Dazzling Spray                     Conjuration/Hexes            3
   Enslavement                        Hexes                        4


   Skills:
 * Level 2.2 Short Blades
 + Level 3.7 Dodging
 * Level 5.8 Stealth
 + Level 0.1 Shields
 + Level 2.8 Spellcasting
 + Level 3.7 Hexes
 + Level 0.7 Ice Magic


You had 2 spell levels left.
You knew the following spells:

 Your Spells              Type           Power        Failure   Level  Hunger
a - Corona                Hex            ###....      6%          1    #......
b - Ensorcelled Hibernat  Hex/Ice        ##....       14%         2    ##.....
c - Confuse               Hex            ###.....     17%         3    ###....


Dungeon Overview and Level Annotations

Branches:
Dungeon (3/15)

Altars:

Annotations:
D:3 Grinder


Innate Abilities, Weirdness & Mutations

You are tiny and cannot use many weapons and most armour.
You have supernaturally acute eyesight.
You are a herbivore.
You cover ground extremely quickly.
You need consume almost no food.


Message History

You see here a giant cockroach corpse.
Magic restored.
You open the door.
An adder and Grinder come into view.
There is an open door here.
A goblin comes into view.
The goblin shouts!
Grinder gestures at you. Pain shoots through your body!
You block the adder's attack. Grinder gestures at you.
You suddenly lose the ability to move!
The adder closely misses you. The adder bites you.
The adder bites you but does no damage. Grinder gestures at you. You resist.
The adder bites you but does no damage. Grinder hits you.
You writhe in agony.
* * * LOW HITPOINT WARNING * * *
The adder bites you.
You die...

#.##.######.# #. ### #....#
#.# #.
#####.#<###.#########.###.
...........................
#####.#.##..........#.###.
#.#.##+#'######.#.# #. .
#.#......# # #.. .. ##
#.+......# ### ##
###@.....# #S5....#
#g.....# .......# ........#
.........# .###......# #.
#...... ####.#


You could see Grinder, an adder and a goblin.

Vanquished Creatures
  An adder (D:2)
  A worm (D:2)
  A giant gecko (D:1)
  A ball python (D:2)
  4 giant cockroaches
  11 goblins
  5 hobgoblins
  8 kobolds
  A quokka (D:2)
  8 bats
  A giant newt (D:2)
  12 rats
54 creatures vanquished.

Notes
Turn   | Place    | Note
--------------------------------------------------------------
     0 | D:1      | bwiles81, the Spriggan Enchanter, began the quest for the Orb.
     0 | D:1      | Reached XP level 1. HP: 9/9 MP: 4/4
   350 | D:1      | Reached XP level 2. HP: 13/13 MP: 7/7
   505 | D:1      | Learned a level 2 spell: Ensorcelled Hibernation
   726 | D:1      | Reached skill level 5 in Stealth
  1162 | D:1      | Reached XP level 3. HP: 16/16 MP: 9/9
  1167 | D:1      | Learned a level 3 spell: Confuse
  2294 | D:2      | Reached XP level 4. HP: 21/21 MP: 12/12
  2757 | D:3      | Noticed Grinder
  2762 | D:3      | Paralysed by Grinder for 4 turns
  2766 | D:3      | Slain by an adder

Action                   |  1- 3 |  4- 6 || total
-------------------------+-------+-------++-------
Melee: Dagger            |   115 |    11 ||   126
 Cast: Ensorcelled Hiber |    17 |     1 ||    18
  Use: Potion            |       |     1 ||     1
 Stab: Sleeping          |    26 |     1 ||    27
